 Dungeon Crawl Stone Soup version 0.26-a0-753-g4680b4fa2e (webtiles) character file.

Game seed: 15469320516891878515

26429 2tc the Severer (level 12, -4/96 HPs)
             Began as a Minotaur Berserker on Nov 7, 2020.
             Was a High Priest of Trog.
             Slain by a death yak simulacrum (7 damage)
             ... in an ice cave.
             The game lasted 00:43:38 (11924 turns).

2tc the Severer (Minotaur Berserker)               Turns: 11924, Time: 00:43:38

Health: -4/96      AC: 16    Str: 17    XL:     12   Next: 98%
Magic:  11/11      EV: 14    Int:  4    God:    Trog [*****.]
Gold:   818        SH:  5    Dex: 15    Spells: 11/11 levels left

rFire    + . .     SeeInvis +   D - +2 war axe (venom)
rCold    + + +     Faith    .   (no shield)
rNeg     . . .     Spirit   .   z - +4 ring mail {rF+}
rPois    +         Reflect  +   d - +2 hat
rElec    +         Harm     .   h - +0 cloak
rCorr    .         Rampage  .   c - +0 pair of gloves
MR       .....                  F - +0 pair of boots (curse)
Stlth    +.........             J - amulet of Nuadigoc {Reflect rElec rPois rC+++ Str-5 SH+5}
HPRegen  0.26/turn              i - ring of see invisible
MPRegen  0.12/turn              (no ring)

@: no status effects
A: retaliatory headbutt, horns 2
a: Berserk, Trog's Hand, Brothers in Arms, Renounce Religion


You were in an ice cave.
You worshipped Trog.
Trog was extremely pleased with you.
You visited 2 branches of the dungeon, and saw 13 of its levels.
You also visited: Sewer and Ice Cave.

You collected 832 gold pieces.
You spent 14 gold pieces at shops.

Inventory:

Hand Weapons
 a - a +1 hand axe
 j - a +2 mace of holy wrath
 n - a +0 demon trident of electrocution
 D - a +2 war axe of venom (weapon)
Armour
 c - a +0 pair of gloves (worn)
 d - a +2 hat (worn)
 h - a +0 cloak (worn)
 m - a +0 leather armour
 q - a +0 chain mail
 z - a +4 ring mail of fire resistance (worn)
 A - a +0 kite shield
 F - a cursed +0 pair of boots (worn)
 I - +0 acid dragon scales
Jewellery
 i - a ring of see invisible (left hand)
 k - an uncursed ring of positive energy
 l - an uncursed ring of fire
 r - a cursed amulet of inaccuracy {unknown}
 J - the amulet of Nuadigoc (around neck) {Reflect rElec rPois rC+++ Str-5 SH+5}
   (You found it on level 9 of the Dungeon)

   [amulet of reflection]

   It shields you and reflects attacks.
   It affects your strength (-5).
   It renders you almost immune to cold.
   It insulates you from electricity.
   It protects you from poison.
   It affects your SH (+5).
 K - an uncursed ring of ice
Wands
 s - a wand of polymorph (5)
 t - a wand of digging (12)
 v - a wand of enslavement (12)
 H - a wand of flame (15)
 M - a wand of iceblast (14)
Scrolls
 f - 7 scrolls of teleportation
 o - 6 scrolls of fear
 x - 3 scrolls of enchant weapon
 y - a scroll of blinking
 C - 3 scrolls of remove curse
 G - 3 scrolls of fog
Potions
 b - 3 potions of might
 e - 2 potions of cancellation
 p - a potion of resistance
 u - a potion of magic {unknown}
 w - a potion of flight {unknown}
 B - a potion of ambrosia {unknown}
 E - a potion of haste
 L - a potion of lignification


   Skills:
 - Level 6.0 Fighting
 - Level 16.0 Axes
 - Level 8.1 Armour
 - Level 6.0 Dodging
 * Level 13.6 Shields
 - Level 5.0 Evocations


You had 11 spell levels left.
You didn't know any spells.
Your spell library was empty.

Dungeon Overview and Level Annotations

Branches:
Dungeon (12/15)            Temple (1/1) D:4            Lair (0/6) D:11
    Orc (0/2) D:11          Sewer (visited)           IceCv (1/1)

Altars:
Ashenzari
Cheibriados
Dithmenos
Elyvilon
Fedhas
Gozag
Hepliaklqana
Kikubaaqudgha
Makhleb
Nemelex Xobeh
Okawaru
Qazlal
Ru
Sif Muna
Trog
Uskayaw
Vehumet
Wu Jian
Xom
Yredelemnul
Zin
The Shining One
Jiyva

Shops:
D:7 !   D:8 ?   D:9 ?

Annotations:
D:5 2 transporters, twist's ghost, novice GnTm


Innate Abilities, Weirdness & Mutations

You reflexively headbutt those who attack you in melee.
You have a pair of horns on your head.


Message History

* * * LOW HITPOINT WARNING * * *
The death yak simulacrum freezes you. You resist.
* * * LOW HITPOINT WARNING * * *
The alligator simulacrum barely misses you. x2
You feel better.
The death yak simulacrum closely misses you.
The death yak simulacrum gores you but does no damage.
The alligator simulacrum barely misses you.
The alligator simulacrum tail-slaps you but does no damage.
You feel better. The death yak simulacrum gores you!
* * * LOW HITPOINT WARNING * * *
The death yak simulacrum freezes you. You resist.
* * * LOW HITPOINT WARNING * * *
The alligator simulacrum bites you.
* * * LOW HITPOINT WARNING * * *
The alligator simulacrum freezes you. You resist.
* * * LOW HITPOINT WARNING * * *
The alligator simulacrum tail-slaps you but does no damage.
The death yak simulacrum gores you!
You die...

##..
##...
#...#
...##
#...#
##...##
##..Z..##
#..ZZZ..#
#...@...#
##..∩..##
##...##
#####


You could see an alligator simulacrum, 2 death yak simulacra and an elephant
simulacrum.

Vanquished Creatures
  Harold (D:8)
  4 two-headed ogres
  Urug (D:10)
  Nergalle (D:10)
  An ugly thing (D:12)
  A centaur zombie (D:11)
  Psyche (D:11)
  A gargoyle (D:11)
  Maggie (D:8)
  2 komodo dragons (D:11)
  3 trolls
  A shadow (D:11)
  A wraith (D:10)
  2 wyverns
  4 yaks (D:9)
  Eustachio (D:6)
  2 soldier ants (D:10)
  2 water moccasins
  An acid dragon (D:11)
  Edmund (D:6)
  5 sky beasts
  10 ice beasts
  8 orc warriors
  2 phantoms
  9 ogres
  4 centaurs
  A big kobold (D:10)
  2 bullfrogs
  A wyvern zombie (D:10)
  2 gnoll sergeants
  A water moccasin zombie (D:5)
  A scorpion (D:11)
  10 killer bees (D:9)
  5 wights (D:10)
  A howler monkey (D:4)
  An electric eel (D:9)
  3 lava snakes (D:8)
  2 bullfrog zombies
  5 orc priests
  4 bullfrog skeletons
  2 jellies
  4 hounds
  8 orc wizards
  6 iguanas
  Jessica (D:3)
  8 worker ants
  2 worker ant zombies
  9 gnolls
  A howler monkey skeleton (D:4)
  16 adders
  A river rat (D:3)
  2 shadow imps
  2 white imps
  5 ufetubi
  An ooze (Sewer)
  An adder skeleton (D:8)
  3 worms
  6 dart slugs
  5 leopard geckos
  46 orcs
  6 ball pythons
  6 giant cockroaches
  18 goblins
  9 hobgoblins
  7 jackals
  3 quokkas
  9 bats
  2 frilled lizards
  19 kobolds
  A leopard gecko skeleton (D:7)
  2 quokka skeletons
  6 rats
326 creatures vanquished.

Vanquished Creatures (others)
  A fungus (D:9)
1 creature vanquished.

Grand Total: 327 creatures vanquished

Notes
Turn   | Place    | Note
-------+----------+-------------------------------------------
     0 | D:1      | 2tc the Minotaur Berserker began the quest for the Orb.
     0 | D:1      | Reached XP level 1. HP: 19/19 MP: 0/0
    10 | D:1      | You fall into a shaft and drop 1 floor!
   227 | D:2      | Reached skill level 4 in Axes
   227 | D:2      | Reached XP level 2. HP: 26/26 MP: 1/1
   244 | D:1      | Reached skill level 5 in Axes
   444 | D:1      | Reached XP level 3. HP: 24/31 MP: 2/2
   717 | D:1      | Reached ** piety under Trog
  1643 | D:2      | Reached XP level 4. HP: 38/39 MP: 3/3
  1647 | D:2      | Reached skill level 6 in Axes
  1663 | D:2      | Found a faded altar of an unknown god.
  1696 | D:2      | Found a broken altar of Ashenzari.
  1842 | D:3      | Noticed Jessica
  1846 | D:3      | Killed Jessica
  1927 | D:3      | Reached XP level 5. HP: 45/45 MP: 4/4
  1937 | D:3      | Reached skill level 7 in Axes
  2120 | D:3      | Found a glowing drain.
  2127 | Sewer    | Entered a sewer
  2623 | Sewer    | Reached *** piety under Trog
  2780 | D:3      | Reached skill level 8 in Axes
  2991 | D:4      | Noticed an ogre
  3025 | D:4      | Reached XP level 6. HP: 47/51 MP: 5/5
  3363 | D:4      | Found a shadowy altar of Dithmenos.
  3381 | D:4      | Reached skill level 9 in Axes
  3473 | D:4      | Reached XP level 7. HP: 37/57 MP: 6/6
  3609 | D:4      | Reached skill level 10 in Axes
  4104 | D:4      | Found a staircase to the Ecumenical Temple.
  4111 | Temple   | Entered the Ecumenical Temple
  4352 | D:5      | Entered Level 5 of the Dungeon
  4396 | D:5      | Reached skill level 11 in Axes
  4681 | D:5      | Found an iron altar of Okawaru.
  4898 | D:5      | Noticed twist's ghost (novice GnTm)
  4905 | D:5      | Found a transporter.
  4907 | D:5      | Found a transporter.
  4930 | D:5      | Reached XP level 8. HP: 60/64 MP: 7/7
  5004 | D:5      | Found a basalt altar of Yredelemnul.
  5005 | D:5      | Found a white marble altar of Elyvilon.
  5163 | D:5      | Reached **** piety under Trog
  5315 | D:6      | Noticed Eustachio
  5359 | D:6      | Killed Eustachio
  5359 | D:6      | Reached skill level 12 in Axes
  5784 | D:6      | Reached skill level 13 in Axes
  5881 | D:6      | Noticed Edmund
  5891 | D:6      | Killed Edmund
  6376 | D:7      | Reached XP level 9. HP: 70/70 MP: 8/8
  6378 | D:7      | Found Wasiw's Distillery.
  6388 | D:7      | Reached skill level 14 in Axes
  6436 | D:7      | Bought a potion of degeneration for 14 gold pieces
  6465 | D:7      | Found a bloodstained altar of Trog.
  6789 | D:8      | Found Xeil's Magic Scroll Shop.
  6851 | D:8      | Noticed Harold
  6854 | D:8      | Found a hazy altar of Hepliaklqana.
  6854 | D:8      | Found a radiant altar of Vehumet.
  6854 | D:8      | Found a blossoming altar of Fedhas.
  6854 | D:8      | Found a sparkling altar of Nemelex Xobeh.
  6854 | D:8      | Found a hide-covered altar of Uskayaw.
  6874 | D:8      | Killed Harold
  6876 | D:8      | Found a stormy altar of Qazlal.
  6890 | D:8      | Found an opulent altar of Gozag.
  7238 | D:8      | Noticed Maggie
  7256 | D:8      | Killed Maggie
  7684 | D:9      | Reached skill level 5 in Evocations
  7705 | D:9      | Reached ***** piety under Trog
  7857 | D:9      | Got a slimy amethyst amulet
  7858 | D:9      | Identified the amulet of Nuadigoc {Reflect rElec rPois
                  | rC+++ Str-5 SH+5} (You found it on level 9 of the Dungeon)
  7911 | D:9      | Found Vuimiet's Magic Scroll Boutique.
  8044 | D:9      | Reached XP level 10. HP: 65/77 MP: 9/9
  8229 | D:9      | Reached skill level 5 in Dodging
  8394 | D:9      | Reached skill level 1 in Shields
  8749 | D:10     | Entered Level 10 of the Dungeon
  9362 | D:10     | Noticed Urug
  9397 | D:10     | Killed Urug
  9397 | D:10     | Reached skill level 15 in Axes
  9403 | D:10     | Noticed a two-headed ogre
 10016 | D:10     | Noticed Nergalle
 10030 | D:10     | Killed Nergalle
 10030 | D:10     | Reached skill level 16 in Axes
 10030 | D:10     | Reached skill level 5 in Shields
 10030 | D:10     | Reached XP level 11. HP: 63/82 MP: 10/10
 10031 | D:10     | Killed a two-headed ogre
 10438 | D:11     | Reached skill level 5 in Fighting
 10641 | D:11     | Found a shimmering altar of Xom.
 10935 | D:11     | Found a staircase to the Lair.
 11099 | D:11     | Found a staircase to the Orcish Mines.
 11100 | D:11     | Noticed Psyche
 11119 | D:11     | Killed Psyche
 11275 | D:11     | Noticed a two-headed ogre
 11281 | D:11     | Noticed a two-headed ogre
 11284 | D:11     | Killed a two-headed ogre
 11291 | D:11     | Killed a two-headed ogre
 11363 | D:11     | Reached skill level 10 in Shields
 11817 | D:12     | Noticed a two-headed ogre
 11826 | D:12     | Killed a two-headed ogre
 11833 | D:12     | Reached XP level 12. HP: 84/96 MP: 11/11
 11885 | D:12     | Found a frozen archway.
 11908 | D:12     | Noticed a four-headed hydra
 11911 | IceCv    | Entered an ice cave
 11924 | IceCv    | HP: 3/96 [alligator simulacrum (5)]
 11924 | IceCv    | Slain by a death yak simulacrum

Illustrated notes

Levels and vault maps discovered:
D:1:      minmay_arrival_solitary_statue, layout_rooms, minmay_cut_off
D:2:      layout_basic, lemuel_coloured_pillars_altar,
          chequers_ecumenical_altar_island
D:3:      layout_rooms, gup_sewer_entry_bubbles, uniq_jessica
D:4:      layout_loops_ring, minmay_temple_entry_arrows, grunt_dithmenos_shadows
D:5:      layout_cave_pools, gammafunk_temple_overflow_forgotten,
          gammafunk_ghost_hive
D:6:      layout_rooms, st_stairs_1, uniq_eustachio, uniq_edmund
D:7:      layout_basic, basic_altar, serial_shops, shop
D:8:      layout_loops_ring, grunt_temple_overflow_open, serial_shops, shop,
          grunt_decor_junction, uniq_harold, uniq_maggie
D:9:      layout_long_grid, serial_shops, shop, fungi_pond_lemuel,
          minmay_fractal_squares_5
D:10:     layout_cave_pods, hangedman_pestilent_swarm, st_stairs_11, uniq_urug,
          uniq_nergalle
D:11:     layout_roguey [special_room_orc], erik_lair_dragon, orc_0_dummy,
          basic_altar, uniq_psyche
D:12:     kennysheep_kobold_lugonu_temple, layout_rooms,
          portal_ice_cave_entry_ice_beasts
Temple:   pf_slime_end_temple
IceCv:    ice_cave_small_necro

Skill      XL: |  1  2  3  4  5  6  7  8  9 10 11 |
---------------+----------------------------------+-----
Axes           | 4 5 6 8 9 11 13 14 16 | 16.0
Armour         | 6 8 |  8.1
Evocations     | 5 |  5.0
Dodging        | 4 6 |  6.0
Shields        | 5 13 | 13.6
Fighting       | 6 |  6.0

Action                   |  1- 3 |  4- 6 |  7- 9 | 10-12 || total
-------------------------+-------+-------+-------+-------++-------
Melee: Hand axe          |    70 |   193 |   348 |   131 ||   742
       Headbutt          |    13 |    33 |    88 |    67 ||   201
       War axe           |       |       |       |   328 ||   328
Invok: Berserk           |     1 |       |     1 |     1 ||     3
       Trog's Hand       |       |       |     4 |     1 ||     5
  Use: Scroll            |     4 |     5 |    12 |     8 ||    29
       Potion            |       |       |     5 |    12 ||    17
Armor: Leather armour    |    10 |    49 |    11 |       ||    70
       Animal skin       |     4 |       |       |       ||     4
       Chain mail        |       |       |    47 |       ||    47
       Ring mail         |       |       |    58 |    94 ||   152
       Skin              |       |       |       |     3 ||     3
Dodge: Dodged            |    52 |   108 |   156 |   197 ||   513
Block: Other             |       |       |    10 |    67 ||    77
       Reflection        |       |       |       |     2 ||     2

Table legend: (Time is in decaauts)
 A = Elapsed time spent in this place.
 B = Non-inter-level travel time spent in this place.
 C = Inter-level travel time spent in this place.
 D = Time resting spent in this place.
 E = Time spent auto-exploring this place.
 F = Levels seen in this place.
 G = Mean time per level.
                   A        B        C        D        E       F      G
               +--------+--------+--------+--------+--------+-----+--------+
         Total |  11745 |  11361 |    384 |   3121 |   6039 |  15 |  783.0 |
       Dungeon |  10996 |  10624 |    372 |   2970 |   5657 |  12 |  916.3 |
        Temple |    128 |    116 |     12 |      0 |    116 |   1 |  128.0 |
         Sewer |    609 |    609 |      0 |    151 |    266 |   1 |  609.0 |
      Ice Cave |     11 |     11 |      0 |      0 |      0 |   1 |   11.0 |
               +--------+--------+--------+--------+--------+-----+--------+

Top non-repeatable levels by time:
    D:11: 1447 daAuts
    D:10: 1364 daAuts
     D:4: 1197 daAuts
     D:9: 1182 daAuts
     D:2: 977 daAuts
     D:5: 906 daAuts
     D:8: 889 daAuts
     D:1: 852 daAuts
     D:7: 707 daAuts
     D:6: 707 daAuts
     D:3: 679 daAuts
   Sewer: 609 daAuts
  Temple: 128 daAuts
    D:12: 85 daAuts
   IceCv: 11 daAuts
